 Dungeon Crawl Stone Soup version 0.23.2-33-g5129a83184 (webtiles) character file.

Game seed: 3496296265928793416

12439 Folque the Geomancer (level 11, -4/86 HPs)
             Began as a Pale Draconian Earth Elementalist on July 17, 2019.
             Was a Priest of Sif Muna.
             Slain by an eight-headed hydra (14 damage)
             ... on level 1 of the Lair of Beasts.
             The game lasted 00:45:58 (12589 turns).

Folque the Geomancer (DrEE)                        Turns: 12589, Time: 00:46:00

Health: -4/86      AC:  8    Str: 10    XL:     11   Next: 62%
Magic:  20/27      EV: 12    Int: 20    God:    Sif Muna [***...]
Gold:   512        SH:  0    Dex: 11    Spells: 5/20 levels left

rFire    . . .     SeeInvis .   q - staff of energy
rCold    . . .     Gourm    .   (no shield)
rNeg     . . .     Faith    .   (armour unavailable)
rPois    +         Spirit   .   (helmet restricted)
rElec    .         Reflect  .   t - +0 cloak
rCorr    .         Harm     .   (no gloves)
MR       .....                  (no boots)
Stlth    +++.......             (no amulet)
HPRegen  0.24/turn              m - ring of magical power
MPRegen  0.20/turn              B - ring of poison resistance

@: lightly drained, divine energy
A: breathe steam, unfitting armour, cold-blooded, AC +7
a: Breathe Steam, Stop Divine Energy, Channel Magic, Renounce Religion


You were on level 1 of the Lair of Beasts.
You worshipped Sif Muna.
Sif Muna was most pleased with you.
You were near starving.

You visited 3 branches of the dungeon, and saw 13 of its levels.

You collected 602 gold pieces.
You spent 90 gold pieces at shops.

Inventory:

Hand Weapons
 n - the cursed +1 quarterstaff of Hell's Wrath {venom, Dex+3}
   (You found it on level 8 of the Dungeon)

   It poisons the flesh of those it strikes.
   It affects your dexterity (+3).
   It has a curse placed upon it.
 p - a +2 dagger of venom
Missiles
 b - 357 stones (quivered)
 r - 24 tomahawks
Armour
 l - a +0 pair of gloves
 t - a +0 cloak (worn)
Magical Staves
 q - an uncursed staff of energy (weapon)
Jewellery
 m - a ring of magical power (left hand)
 v - a +2 ring of slaying
 B - a ring of poison resistance (right hand)
 I - an uncursed ring of positive energy
 L - a +4 ring of dexterity
 N - an uncursed ring of wizardry {unknown}
Wands
 h - a wand of random effects (26)
 s - a wand of iceblast (7)
 E - a wand of acid (9)
 F - a wand of polymorph (16)
 K - a wand of scattershot (6)
 M - a wand of disintegration (13)
Scrolls
 d - 2 scrolls of random uselessness {unknown}
 f - 2 scrolls of noise {unknown}
 i - 4 scrolls of teleportation {unknown}
 j - 5 scrolls of amnesia {unknown}
 o - a scroll of acquirement {unknown}
 u - a scroll of immolation {unknown}
 x - 2 scrolls of magic mapping {unknown}
 y - 3 scrolls of remove curse {unknown}
 C - 3 scrolls of enchant weapon {unknown}
 D - 5 scrolls of identify
 G - a scroll of fear {unknown}
 J - a scroll of torment {unknown}
Potions
 a - 2 potions of curing
 e - 3 potions of mutation
 k - a potion of cancellation
 w - a potion of might
 z - a potion of agility {unknown}
 A - a potion of magic
 H - 2 potions of degeneration {unknown}
Comestibles
 c - 32 rations


   Skills:
 - Level 5.1(4.6) Fighting
 - Level 4.0(3.6) Short Blades
 - Level 1.7(1.3) Dodging
 - Level 6.5(6.0) Stealth
 - Level 5.0(4.6) Spellcasting
 - Level 6.0(5.6) Conjurations
 * Level 5.4(5.0) Transmutations
 + Level 11.2(10.6) Earth Magic
 - Level 7.2(6.7) Invocations
 - Level 4.0(3.6) Evocations


You had 5 spell levels left.
You knew the following spells:

 Your Spells              Type           Power        Failure   Level  Hunger
a - Sandblast             Erth           #####.       1%          1    None
b - Passwall              Tmut/Erth      #####...     1%          2    None
c - Stone Arrow           Conj/Erth      #####.       1%          3    None
d - Lee's Rapid Deconstr  Erth           #####.....   4%          5    None
e - Petrify               Tmut/Erth      #####...     4%          4    None

Your spell library contained the following spells:

 Spells                   Type           Power        Failure   Level  Hunger


Dungeon Overview and Level Annotations

Branches:
Dungeon (11/15)            Temple (1/1) D:7            Lair (1/6) D:9
    Orc: D:9-12

Altars:
Ashenzari
Cheibriados
Dithmenos
Elyvilon
Fedhas
Gozag
Hepliaklqana
Kikubaaqudgha
Makhleb
Nemelex Xobeh
Okawaru
Qazlal
Ru
Sif Muna
Trog
Uskayaw
Vehumet
Wu Jian
Xom
Yredelemnul
Zin
The Shining One

Shops:
D:6 *   D:8 %(:?:   D:10 !


Innate Abilities, Weirdness & Mutations

You can breathe blasts of scalding, opaque steam.
Your pale cyan-grey scales are hard. (AC +7)
You cannot fit into any form of body armour.
You are cold-blooded and may be slowed by cold attacks.


Message History

You hear a deafening roar! x2
Casting: Petrify (safe; 4% risk of failure)
Confirm with . or Enter, or press ? or * to list all spells.
Aiming: Passwall (safe; 1% risk of failure)
Press: ? - help, Dir - move target cursor, p - eight-headed hydra A rock wall.
The crocodile bites you! The eight-headed hydra bites you! x2
The eight-headed hydra barely misses you.
The eight-headed hydra bites you!
* * * LOW HITPOINT WARNING * * *
The eight-headed hydra bites you.
* * * LOW HITPOINT WARNING * * *
The eight-headed hydra closely misses you.
The eight-headed hydra bites you.
* * * LOW HITPOINT WARNING * * *
The eight-headed hydra bites you.
* * * LOW HITPOINT WARNING * * *
You begin to meditate on the wall.
You continue meditating on the rock.
The crocodile completely misses you. The eight-headed hydra bites you!
You die...

#P...........##.........##...
##........##..##........#[.>.
#........##.................
#........######.............
#.........# #........#.###
###.###+#.#####........# #
#####.###............# ##
#P.# #D##.###P.#.## #.
#.###..###@#########.## ##
#.......tr#P.........####.
####+##....r..........#.#..'.
#..[......#.########.....#...
#.......###### #.##........#.
#.......##...#.r..##...#.###.
.......ยง##...r.. #...### #.
#........#rr.+ #.#. ##
#.......##...# ....#


You could see an eight-headed hydra (petrifying), a crocodile and 2 hell rats.

Vanquished Creatures
  A hydra (D:10)
  4 two-headed ogres
  Pikel (D:6)
  A black mamba (Lair:1)
  A kobold demonologist (D:11)
  2 trolls
  Grinder (D:6)
  3 hippogriffs
  2 dream sheep (D:10)
  2 yaks (D:10)
  A hungry ghost (D:7)
  Duvessa (D:7)
  A porcupine (Lair:1)
  2 orc warriors
  6 ice beasts
  A black bear (Lair:1)
  2 sky beasts
  2 slaves (D:6)
  A phantom (D:4)
  8 ogres
  10 centaurs
  A crocodile (D:10)
  6 big kobolds
  4 bullfrogs
  A wyvern zombie (D:9)
  Dowan (D:7)
  2 wyvern skeletons (D:6)
  5 scorpions
  3 killer bees (D:10)
  8 wights
  An electric eel (D:10)
  A howler monkey (D:8)
  2 quasits
  4 crimson imps
  A jelly (D:10)
  11 orc priests
  3 hounds
  Crazy Yiuf (D:2)
  4 bullfrog skeletons
  4 iguanas
  9 orc wizards
  10 worker ants
  A killer bee zombie (D:5)
  2 worker ant zombies
  A howler monkey skeleton (D:7)
  Robin (D:2)
  6 gnolls (D:5)
  14 adders
  2 shadow imps
  An ooze (D:4)
  An adder zombie (D:6)
  An adder skeleton (D:4)
  2 worms
  3 dart slugs (D:1)
  2 leopard geckos
  31 orcs
  8 bats
  10 giant cockroaches
  17 goblins
  19 hobgoblins
  7 jackals
  6 quokkas
  5 frilled lizards
  A jackal zombie (D:6)
  21 kobolds
  A leopard gecko skeleton (D:7)
  A quokka skeleton (D:6)
  11 rats
310 creatures vanquished.

Vanquished Creatures (others)
  An orc (D:6)
  2 plants (Lair:1)
3 creatures vanquished.

Grand Total: 313 creatures vanquished

Notes
Turn   | Place    | Note
-------+----------+-------------------------------------------
     0 | D:1      | Folque the Draconian Earth Elementalist began the quest for
                  | the Orb.
     0 | D:1      | Reached XP level 1. HP: 14/14 MP: 3/3
   151 | D:1      | Reached XP level 2. HP: 15/22 MP: 5/5
   186 | D:1      | Reached skill level 1 in Fighting
   635 | D:1      | Learned a level 2 spell: Passwall
   658 | D:1      | Reached XP level 3. HP: 29/29 MP: 6/6
   933 | D:2      | Learned a level 3 spell: Stone Arrow
  1104 | D:2      | Noticed Robin
  1111 | D:2      | Killed Robin
  1111 | D:2      | Reached XP level 4. HP: 23/37 MP: 0/7
  1614 | D:2      | Found a runed translucent door.
  1615 | D:2      | Noticed Crazy Yiuf
  1627 | D:2      | Killed Crazy Yiuf
  1627 | D:2      | Reached skill level 4 in Earth Magic
  1713 | D:2      | Found a snail-covered altar of Cheibriados.
  1884 | D:3      | Reached XP level 5. HP: 37/42 MP: 0/10
  2310 | D:3      | Learned a level 5 spell: Lee's Rapid Deconstruction
  2455 | D:3      | Reached skill level 1 in Conjurations
  2612 | D:3      | Found a hazy altar of Hepliaklqana.
  2730 | D:3      | Reached XP level 6. HP: 46/50 MP: 6/11
  2939 | D:4      | Reached skill level 5 in Earth Magic
  3185 | D:4      | Your scales start taking on a pale cyan-grey colour.
  3185 | D:4      | Reached XP level 7. HP: 52/56 MP: 2/13
  3331 | D:5      | Entered Level 5 of the Dungeon
  3766 | D:5      | Reached skill level 5 in Spellcasting
  3775 | D:5      | Learned a level 4 spell: Petrify
  3948 | D:5      | Reached skill level 6 in Earth Magic
  4453 | D:6      | Reached XP level 8. HP: 40/62 MP: 3/15
  4639 | D:6      | Noticed Grinder
  4701 | D:6      | Paralysed by Grinder for 7 turns
  4710 | D:6      | Killed Grinder
  4993 | D:6      | Noticed Pikel
  5100 | D:6      | Found Venoc's Mass Market.
  5238 | D:6      | Found a deep blue altar of Sif Muna.
  5244 | D:6      | Became a worshipper of Sif Muna the Loreminder
  5337 | D:6      | Noticed a two-headed ogre
  5342 | D:6      | Reached skill level 5 in Stealth
  5342 | D:6      | Reached skill level 7 in Earth Magic
  5879 | D:6      | Reached XP level 9. HP: 68/68 MP: 1/16
  6059 | D:6      | Killed Pikel
  6059 | D:6      | Reached skill level 5 in Conjurations
  6541 | D:6      | Reached skill level 1 in Short Blades
  7124 | D:5      | Killed a two-headed ogre
  7124 | D:5      | Reached * piety under Sif Muna
  7124 | D:5      | Reached skill level 8 in Earth Magic
  7212 | D:7      | Noticed Duvessa
  7212 | D:7      | Noticed Dowan
  7259 | D:7      | Found a staircase to the Ecumenical Temple.
  7268 | Temple   | Entered the Ecumenical Temple
  7753 | D:7      | Reached skill level 1 in Invocations
  7753 | D:7      | Reached XP level 10. HP: 58/77 MP: 1/17
  7900 | D:7      | Killed Duvessa
  7900 | D:7      | Reached skill level 1 in Evocations
  7917 | D:7      | Killed Dowan
  8617 | D:8      | Reached skill level 9 in Earth Magic
  8813 | D:8      | Found Opiejesi's Magic Scroll Boutique.
  8825 | D:8      | Bought a scroll of blinking for 90 gold pieces
  8888 | D:8      | Found Qonyck's Book Shop.
  9090 | D:8      | Found Zaebrotas's Book Emporium.
  9131 | D:8      | Found Jyalocoe's Antique Weapon Shop.
  9145 | D:8      | Got a polished quarterstaff
  9146 | D:8      | Identified the cursed +1 quarterstaff of Hell's Wrath
                  | {venom, Dex+3} (You found it on level 8 of the Dungeon)
  9168 | D:8      | Found Okooxoiv's Food Shoppe.
  9797 | D:9      | Noticed a two-headed ogre
  9948 | D:8      | HP: 3/120 [two-headed ogre/cursed +0 giant spiked club (4)]
  9960 | D:8      | Killed a two-headed ogre
 10299 | D:9      | Found a staircase to the Lair.
 10309 | D:9      | Found a bloodstained altar of Trog.
 10652 | D:10     | Entered Level 10 of the Dungeon
 10698 | D:10     | Reached ** piety under Sif Muna
 10698 | D:10     | Reached skill level 5 in Invocations
 10818 | D:10     | Reached skill level 10 in Earth Magic
 11088 | D:10     | Found Noulocof's Distillery.
 11097 | D:10     | Reached XP level 11. HP: 85/85 MP: 0/18
 11254 | D:10     | Noticed a three-headed hydra
 11275 | D:10     | Killed a three-headed hydra
 11452 | D:10     | Noticed a two-headed ogre
 11461 | D:10     | Killed a two-headed ogre
 11906 | D:11     | Noticed a two-headed ogre
 11919 | D:10     | Killed a two-headed ogre
 11919 | D:10     | Reached skill level 5 in Fighting
 11985 | D:11     | Reached skill level 11 in Earth Magic
 12014 | D:11     | Noticed a sixfirhy
 12019 | D:11     | Reached *** piety under Sif Muna
 12019 | D:11     | Reached skill level 5 in Transmutations
 12087 | Lair:1   | Entered Level 1 of the Lair of Beasts
 12474 | Lair:1   | Noticed an eight-headed hydra
 12589 | Lair:1   | Slain by an eight-headed hydra

Skill      XL: |  1  2  3  4  5  6  7  8  9 10 11 |
---------------+----------------------------------+-----
Fighting       | 1 2 3 4 5 |  5.1
Spellcasting   | 3 4 5 |  5.0
Earth Magic    | 4 5 6 7 8 10 11 | 11.2
Conjurations   | 1 3 4 6 |  6.0
Stealth        | 2 5 6 |  6.5
Transmutations | 2 3 5 |  5.4
Short Blades   | 3 4 |  4.0
Invocations    | 1 5 7 |  7.2
Evocations     | 4 |  4.0
Dodging        | |  1.7

Action                   |  1- 3 |  4- 6 |  7- 9 | 10-12 || total
-------------------------+-------+-------+-------+-------++-------
Melee: Club              |   165 |     1 |       |       ||   166
       Tailslap          |    12 |    11 |    14 |    18 ||    55
       Unarmed           |     2 |       |     2 |       ||     4
       Dagger            |       |   109 |   149 |   125 ||   383
       Mace              |       |    17 |       |     7 ||    24
       Staff             |       |       |     1 |     7 ||     8
 Cast: Sandblast         |    17 |    17 |    45 |    43 ||   122
       Stone Arrow       |     1 |    14 |    48 |    61 ||   124
       Lee's Rapid Decon |       |       |    15 |    28 ||    43
       Petrify           |       |       |    13 |    39 ||    52
       Passwall          |       |       |     2 |     2 ||     4
Invok: Divine Energy     |       |       |     1 |       ||     1
 Abil: Breathe Steam     |       |       |     1 |       ||     1
Evoke: Staff of energy   |       |       |       |     1 ||     1
  Use: Scroll            |       |       |     6 |     3 ||     9
       Potion            |       |       |     1 |     9 ||    10
 Stab: Sleeping          |     1 |     9 |     3 |     2 ||    15
       Petrified         |       |       |    15 |    51 ||    66
       Petrifying        |       |       |     2 |     2 ||     4
       Distracted        |       |       |     1 |       ||     1
  Eat: Chunk             |     1 |     9 |    17 |    11 ||    38
       Ration            |       |       |     2 |     1 ||     3
Armor: Skin              |    57 |    26 |    65 |    44 ||   192
Dodge: Dodged            |   105 |    76 |   109 |    86 ||   376
